 Dungeon Crawl Stone Soup version bcrawl-1.21.2-1-g32d02e0829 (webtiles) character file.

Game seed: 5966964750223703571

190904 MisterOstroum the Swashbuckler (level 17, 0/91 HPs)
             Began as a Spriggan Martial Artist on Feb 22, 2020.
             Was the Champion of Wu Jian.
             Slain by a centaur warrior
             ... wielding the +9 war axe "Zaissez" {chop, +Inv rPois SInv}
              (3 damage)
             ... on level 2 of the Vaults on Feb 24, 2020.
             The game lasted 02:13:47 (38299 turns).

MisterOstroum the Swashbuckler (SpMA)              Turns: 38299, Time: 02:13:48

Health: 0/91       AC:  9    Str:  8    XL:     17   Next: 55%
Magic:  0/34       EV: 34    Int: 15    God:    Wu Jian [******]
Gold:   366        SH: 12    Dex: 21    Spells: 30/41 levels left

rFire    . . .     SeeInvis +   a - +5 rapier (drain)
rCold    + . .     Gourm    .   P - +3 buckler
rNeg     . . .     Faith    .   z - +2 robe {rC+}
rPois    .         Spirit   +   Y - +2 hat {MR+}
rElec    .         Reflect  .   W - +2 cloak
rCorr    .         Harm     .   (gloves unavailable)
MR       +++..                  (boots unavailable)
Stlth    ++++++++..             c - amulet of guardian spirit
HPRegen  0.25/turn              H - +1 ring of evasion
MPRegen  0.24/turn              S - ring of stealth

@: exhausted, very slightly contaminated, lightly drained, invisible, very quick
A: very small, unfitting armour, see invisible, herbivore, speed 3, slow
metabolism 2
}: 1/15 runes: barnacled
a: Wall Jump, Serpent's Lash, Heavenly Storm, Renounce Religion


You were on level 2 of the Vaults.
You worshipped Wu Jian.
Wu Jian was exalted by your worship.
You were not hungry.

You visited 6 branches of the dungeon, and saw 24 of its levels.
You also visited: Gauntlet.

You collected 1620 gold pieces.
You spent 1254 gold pieces at shops.

Inventory:

Hand Weapons
 a - a +5 rapier of draining (weapon)
 b - a +6 short sword of venom
 d - a +0 blowgun
 f - the +2 falchion "Fioday" {venom, rF+ rC+}
   (You found it on level 2 of the Lair of Beasts)

   It poisons the flesh of those it strikes.
   It protects you from fire.
   It protects you from cold.
 L - a +2 vampiric dagger
Missiles
 g - 2173 arrows
 o - 8 throwing nets {!f!f}
 G - 4684 stones (quivered)
 K - 99 poisoned needles
Armour
 m - +3 storm dragon scales {Bai Suzhen}
 z - a +2 robe of cold resistance (worn)
 P - a +3 buckler (worn)
 W - a +2 cloak (worn)
 Y - a +2 hat of magic resistance (worn)
Jewellery
 c - an amulet of guardian spirit (around neck)
 H - a +1 ring of evasion (left hand)
 I - an uncursed ring of resist corrosion
 Q - an uncursed ring of ice
 S - a ring of stealth (right hand)
 V - an uncursed ring of flight
Wands
 h - a wand of acid (1)
 p - a wand of disintegration (6)
 u - a wand of polymorph (21)
 C - a wand of random effects (6)
 D - a wand of digging (6)
 F - a wand of flame (22)
 N - a wand of enslavement (8)
 R - a wand of clouds (6)
Scrolls
 i - 2 scrolls of fear
 k - 4 scrolls of blinking
 n - 15 scrolls of teleportation {@r3 !r}
 w - 6 scrolls of fog {!r}
 A - 4 scrolls of remove curse {@r2}
 E - a scroll of immolation
 J - 4 scrolls of magic mapping {@r5 !r}
 M - a scroll of vulnerability
 T - a scroll of summoning
Potions
 j - 4 potions of might {@q3 !q}
 l - 8 potions of curing {@q1 !q}
 q - 4 potions of brilliance
 s - 5 potions of lignification {@q6}
 t - 2 potions of cancellation
 v - 2 potions of agility {@q5 !q}
 x - 6 potions of heal wounds {@q2 !q}
 B - 3 potions of magic
 O - 3 potions of haste {@q4 !q}
 U - 2 potions of mutation
 Z - a potion of resistance
Miscellaneous
 y - a box of beasts
 X - a sack of spiders
Comestibles
 e - 19 rations {!d}


   Skills:
 + Level 11.2(11.0) Fighting
 * Level 15.7(15.5) Short Blades
   Level 0.1(0.0) Crossbows
 + Level 15.5(15.3) Dodging
 - Level 15.5(15.3) Stealth
 - Level 7.2(7.0) Shields
 - Level 3.2(3.1) Unarmed Combat
 + Level 12.8(12.6) Spellcasting
 * Level 12.1(11.9) Hexes
 - Level 8.0(7.8) Transmutations
 + Level 5.1(4.9) Ice Magic
 + Level 13.8(13.6) Evocations


You had 30 spell levels left.
You knew the following spells:

 Your Spells              Type           Power        Failure   Level  Hunger
a - Sticks to Snakes      Tmut           ####....     1%          2    None
b - Ensorcelled Hibernat  Hex/Ice        ####..       1%          2    None
c - Confuse               Hex            #####...     1%          3    None
d - Tukima's Dance        Hex            #####...     1%          3    None
S - Confusing Touch       Hex            #####...     1%          1    None

Your spell library contained the following spells:

 Spells                   Type           Power        Failure   Level  Hunger
 Corona                   Hex            #####..      1%          1    None
 Dazzling Spray           Conj/Hex       ####..       1%          3    None
 Tree Form                Hex/Tmut       N/A          3%          5    #####..
 Spider Form              Tmut/Pois      ###          4%          3    None
 Blink Other              Tloc           #.....       8%          1    None
 Shock                    Conj/Air       #....        8%          1    None
 Swiftness                Chrm/Air       #.......     11%         2    None
 Beckoning                Tloc           #.........   22%         3    None
 Static Discharge         Air            #.......     22%         3    None
 Airstrike                Air            #.........   58%         4    ##.....
 Lightning Bolt           Conj/Air       #.........   90%         5    #####..


Dungeon Overview and Level Annotations

Branches:
Dungeon (12/12)            Temple (0/1) D:5            Lair (5/6) D:8
 Shoals (3/3) Lair:4       Spider (1/3) Lair:3        Slime (0/5) Lair:5
    Orc (1/1) D:9             Elf (0/3) Orc          Vaults (2/3) D:12
  Crypt (0/2) Vaults:2     Depths (0/5) D:12

Altars:
Ashenzari
Cheibriados
Dithmenos
Fedhas
Makhleb
Okawaru
Qazlal
Trog
Uskayaw
Xom
Zin
The Shining One
Beogh
Jiyva

Shops:
D:12 (   Orc (*%%   Shoals:1 *   Shoals:2 %   Vaults:2 ?

Annotations:
D:5 Freyura's ghost, novice HOFi
Shoals:1 exclusion: door


Innate Abilities, Weirdness & Mutations

You are very small and have problems with some larger weapons.
You are too small for most types of armour.
You have supernaturally acute eyesight. (SInv)
You are a herbivore.
You cover ground extremely quickly.
You need to consume almost no food.


Message History

Okay, then.
Unknown command.
Really quaff
x - 8 potions of heal wounds {@q2 !q}?
You feel much better.
Something hits the hell knight.
Things that are here:
98 bolts; a +0 arbalest
Items here: ( ))) [ a +0 giant spiked club; a +0 robe; a +0 spear; 97 bolts; a +0 arbalest
Things that are here:
a +0 giant spiked club; a +0 giant club The hell knight points at you and mumbles some strange words.
The bolt of fire misses you.
There is an open door, spattered with blood here.
You close the door.
A centaur warrior comes into view.
It is wielding the +9 war axe "Zaissez" {chop, +Inv rPois SInv}.
You see here a +0 troll leather armour.
A hell knight opens the door.
Things that are here:
a +0 rapier; a +0 arbalest; 59 bolts You spin and attack the centaur warrior.
The centaur warrior shouts!
You hit the centaur warrior.
The centaur warrior is lightly wounded.
The centaur warrior hits you with the +9 war axe "Zaissez" {chop, +Inv rPois SInv}.
You spin and attack the centaur warrior.
You hit the centaur warrior.
The centaur warrior is lightly wounded.
The centaur warrior unwields the +9 war axe "Zaissez" {chop, +Inv rPois SInv}.
The centaur warrior wields a +0 shortbow.
The centaur warrior shoots an arrow.
The arrow hits you!!
* * * LOW HITPOINT WARNING * * *
There is an open door, spattered with blood here.
You close the door.
A centaur warrior opens the door.
The centaur warrior unwields a +0 shortbow.
The centaur warrior wields the +9 war axe "Zaissez" {chop, +Inv rPois SInv}.
The centaur warrior hits you with the +9 war axe "Zaissez" {chop, +Inv rPois SInv}!
* * * LOW HITPOINT WARNING * * *
x2
There is an open door, spattered with blood here.
Casting: Tukima's Dance (safe; 1% risk of failure)
Confirm with . or Enter, or press ? or * to list all spells.
You don't have enough magic to cast that spell.
Really quaff
x - 7 potions of heal wounds {@q2 !q}?
You feel much better.
The centaur warrior hits you with the +9 war axe "Zaissez" {chop, +Inv rPois SInv}!
* * * LOW HITPOINT WARNING * * *
x2
Okay, then.
Unknown command.
Okay, then.
Unknown command.
You fade into invisibility!
You block the centaur warrior's attack. x2
You are very lightly contaminated with residual magic.
Press: ? - help, v - describe, . - travel, g - get item
Here: a centaur warrior, wielding the +9 war axe "Zaissez" {chop, +Inv rPois SInv} and quivering 128 arrows (lightly wounded)
A +0 arbalest.
There is something else lying underneath.
The floor, spattered with blood.
Press: ? - help, v - describe, . - travel, g - get item
Here: a centaur warrior, wielding the +9 war axe "Zaissez" {chop, +Inv rPois SInv} and quivering 128 arrows (lightly wounded)
A +0 arbalest.
There is something else lying underneath.
The floor, spattered with blood.
Your muscles tense, ready for explosive movement...
You spin and attack the centaur warrior repeatedly, with incredible momentum.
You hit the centaur warrior.
The centaur warrior is moderately wounded.
You hit the centaur warrior. You drain the centaur warrior.
The centaur warrior is moderately wounded.
You spin and attack the centaur warrior repeatedly, with incredible momentum.
You hit the centaur warrior. You drain the centaur warrior.
The centaur warrior is heavily wounded.
You puncture the centaur warrior!
The centaur warrior is heavily wounded.
You feel drained.
Your supernatural speed expires.
You spin and attack the centaur warrior.
You hit the centaur warrior.
The centaur warrior is severely wounded.
You spin and attack the hell knight.
You hit the hell knight. You drain the hell knight.
The hell knight is moderately wounded.
You spin and attack the centaur warrior.
You hit the centaur warrior.
The centaur warrior is severely wounded.
You spin and attack the hell knight.
You hit the hell knight.
The hell knight is moderately wounded.
The centaur warrior completely misses you.
You block the hell knight's attack.
You spin and attack the centaur warrior.
You puncture the centaur warrior!
The centaur warrior is almost dead.
You spin and attack the hell knight.
You hit the hell knight.
The hell knight is heavily wounded.
You block the centaur warrior's attack.
An ironbrand convoker comes into view. It is wielding a +0 dire flail.
You spin and attack the centaur warrior.
You hit the centaur warrior but do no damage.
The centaur warrior is almost dead.
The centaur warrior hits you with the +9 war axe "Zaissez" {chop, +Inv rPois SInv}!
* * * LOW HITPOINT WARNING * * *
You die...

#......'.....# #.....p.#
########.....# #.......# #.....#
#.......# #.....######'#####
##########.....#.......#
....#....'.....#..)....#
†...'.[[.#.)...#..)....#
#####.[..'..[..°cp)....##########
...?#....#######@....[(#[..#.....
....#....# #.....[.')).#...[)
....'....# #########.).#(#(#.
....'....# #)).p.).#. ..>.#....#
#...)...#. ....#....#
########+######## #####....#
#......#....# # ....'....#
#.####.####.# # ....#....# #.#
#....#.# #


You could see a hell knight, a centaur warrior and a friendly +5 halberd of
flaming.

Vanquished Creatures
  Bai Suzhen (Vaults:1)
  A frost giant (Shoals:3)
  2 orc warlords (Orc)
  5 vault wardens
  4 ironheart preservers
  2 stone giants
  A deep elf demonologist (Vaults:1)
  A minotaur (Gauntlet)
  A deep elf death mage (Vaults:1)
  A fire dragon (Vaults:1)
  5 merfolk javelineers
  2 ice dragons
  3 yaktaur captains
  13 merfolk impalers
  9 hydras
  4 rakshasas
  18 two-headed ogres
  An alligator snapping turtle (Shoals:3)
  A merfolk aquamancer (Shoals:3)
  7 vault guards
  2 merfolk avatars
  3 centaur warriors (Vaults:1)
  A death yak (D:8)
  3 death knights
  6 ogre magi
  A deep troll earth mage (Vaults:2)
  A tengu warrior (D:10)
  4 orc high priests (Orc)
  A vampire mage (Vaults:2)
  3 deep elf knights
  4 deep trolls (Vaults:2)
  A hell knight (Vaults:2)
  A shadow wraith (Vaults:2)
  3 skeletal warriors
  An unseen horror (Vaults:1)
  A glowing orange brain (D:12)
  A flayed ghost (Vaults:2)
  2 sea snakes
  A deep elf archer (Vaults:1)
  A wizard (Vaults:1)
  5 ironbrand convokers
  2 necromancers (Vaults:2)
  A phantasmal warrior (D:10)
  An orb spider (shapeshifter) (D:12)
  16 harpies
  A wolf spider zombie (D:10)
  4 orc knights
  6 cyclopes
  4 orc sorcerers (Orc)
  12 ugly things
  A faun (Shoals:2)
  6 deep elf magi
  12 manticores
  6 merfolk sirens
  3 water nymphs
  A moth of wrath (shapeshifter) (D:12)
  4 elephants (Lair:2)
  2 black mambas (Lair:4)
  2 centaur zombies
  3 vault sentinels (Vaults:1)
  2 gargoyles (D:12)
  A cane toad (shapeshifter) (D:12)
  4 cane toads
  3 rime drakes (Lair:3)
  12 yaktaurs
  7 komodo dragons
  A freezing wraith (D:10)
  A harpy zombie (D:8)
  A demonic crawler (Spider:1)
  A meliai (shapeshifter) (Vaults:1)
  5 trolls
  3 meliai (D:12)
  A tengu conjurer (D:10)
  28 merfolk
  A polar bear (shapeshifter) (Vaults:2)
  A hornet (D:9)
  A wind drake (shapeshifter) (Vaults:2)
  5 wind drakes
  3 polar bears
  10 blink frogs
  7 snapping turtles
  11 hippogriffs
  10 slime creatures
  6 dream sheep (Lair:5)
  3 shadows
  6 water elementals
  Sigmund (D:4)
  5 vampires
  3 wyverns
  5 wraiths
  3 basilisks
  A dancing weapon (Shoals:3)
  39 yaks
  4 vampire mosquitoes (D:12)
  Edmund (D:4)
  6 wargs
  6 crocodiles
  6 water moccasins
  8 porcupines
  An acid dragon (D:11)
  2 eyes of draining
  An ice beast (shapeshifter) (D:12)
  3 ice beasts
  34 orc warriors
  An eye of draining (shapeshifter) (Vaults:2)
  2 black bears
  2 sky beasts
  5 wolves (Lair:1)
  A necrophage (D:11)
  4 boggarts (Vaults:2)
  A phantom (D:5)
  22 ogres
  5 centaurs
  10 bullfrogs
  3 gnoll sergeants
  5 big kobolds
  A wyvern skeleton (D:10)
  3 scorpions
  11 killer bees
  10 wights
  An electric eel (D:11)
  4 howler monkeys
  8 crimson imps
  2 quasits
  5 jellies
  34 orc priests
  Crazy Yiuf (D:6)
  7 centaur skeletons
  8 hounds
  21 orc wizards
  A bullfrog skeleton (D:8)
  A gnoll shaman (Orc)
  5 iguanas
  Natasha (thrice) (D:3)
  5 hell rats
  9 worker ants
  2 hound skeletons
  A worker ant zombie (D:8)
  6 gnolls (D:11)
  6 adders
  2 shadow imps
  2 oozes
  An adder zombie (D:7)
  7 worms
  3 dart slugs
  7 leopard geckos
  92 orcs
  5 bats
  3 giant cockroaches
  7 goblins
  8 hobgoblins
  15 jackals
  4 quokkas
  A ball python (D:1)
  6 frilled lizards
  39 kobolds
  A quokka zombie (D:5)
  11 rats
  A bush (D:2)
  A plant (D:2)
910 creatures vanquished.

Vanquished Creatures (collateral kills)
  A vault guard (Vaults:2)
  A two-headed ogre (Vaults:2)
  A hell knight (Vaults:2)
  An ogre (Vaults:2)
4 creatures vanquished.

Vanquished Creatures (others)
  2 dancing weapons
  19 fungi
  12 plants
33 creatures vanquished.

Grand Total: 947 creatures vanquished

Notes
Turn   | Place    | Note
-------+----------+-------------------------------------------
     0 | D:1      | MisterOstroum the Spriggan Martial Artist began the quest
                  | for the Orb.
     0 | D:1      | Reached XP level 1. HP: 11/11 MP: 3/3
   341 | D:1      | Reached XP level 2. HP: 13/16 MP: 3/5
   639 | D:1      | Reached ** piety under Wu Jian
   668 | D:1      | Reached XP level 3. HP: 19/19 MP: 6/6
   726 | D:1      | Reached skill level 1 in Short Blades
  1335 | D:2      | Found a shattered altar of Ashenzari.
  1350 | D:2      | Reached XP level 4. HP: 24/24 MP: 7/7
  1592 | D:2      | Reached skill level 5 in Dodging
  1756 | D:2      | Reached *** piety under Wu Jian
  2139 | D:3      | Found a shimmering altar of Xom.
  2141 | D:3      | Noticed Natasha
  2153 | D:3      | Killed Natasha
  2765 | D:3      | Noticed Natasha
  2776 | D:3      | Killed Natasha
  2776 | D:3      | Reached XP level 5. HP: 25/28 MP: 8/8
  2834 | D:3      | Noticed Natasha
  2852 | D:3      | Killed Natasha
  3420 | D:3      | Reached skill level 1 in Evocations
  3420 | D:3      | Reached XP level 6. HP: 26/33 MP: 9/9
  3555 | D:4      | Noticed Sigmund
  3565 | D:4      | Killed Sigmund
  3784 | D:4      | Reached XP level 7. HP: 31/37 MP: 10/10
  3924 | D:4      | Noticed a moth of wrath
  3927 | D:4      | Found a bloodstained altar of Trog.
  4027 | D:4      | Reached **** piety under Wu Jian
  4310 | D:4      | Reached skill level 5 in Stealth
  4494 | D:4      | Noticed Edmund
  4501 | D:4      | Killed Edmund
  4501 | D:4      | Reached skill level 5 in Short Blades
  4562 | D:5      | Entered Level 5 of the Dungeon
  4609 | D:5      | Found a transporter.
  4620 | D:5      | Found a transporter.
  4620 | D:5      | Noticed Freyura's ghost (novice HOFi)
  4672 | D:5      | Reached skill level 5 in Fighting
  4672 | D:5      | Reached XP level 8. HP: 43/43 MP: 11/11
  5140 | D:5      | Found a shadowy altar of Dithmenos.
  5180 | D:5      | Found a blossoming altar of Fedhas.
  5234 | D:5      | Found a stormy altar of Qazlal.
  5284 | D:5      | Found a staircase to the Ecumenical Temple.
  5916 | D:6      | Found a hide-covered altar of Uskayaw.
  5917 | D:6      | Noticed a deep troll
  5918 | D:6      | Found a transporter.
  5951 | D:6      | Found a runed door.
  6211 | D:6      | Reached skill level 5 in Evocations
  6526 | D:6      | Found a transporter.
  6540 | D:6      | Reached XP level 9. HP: 45/48 MP: 13/13
  7085 | D:6      | Got an ancient arbalest
  7095 | D:6      | Identified the +1 arbalest of Triumph {freeze, Int+3
                  | Stlth+} (You found it on level 6 of the Dungeon)
  7135 | D:6      | Noticed Crazy Yiuf
  7158 | D:6      | Killed Crazy Yiuf
  7383 | D:7      | Reached ***** piety under Wu Jian
  7589 | D:7      | Found a flagged portal.
  7800 | D:7      | Found a glowing silver altar of Zin.
  7800 | D:7      | Found a burning altar of Makhleb.
  7801 | D:7      | Noticed an Executioner
  7801 | D:7      | Noticed an angel
  8806 | D:8      | Reached skill level 10 in Short Blades
  8806 | D:8      | Reached XP level 10. HP: 48/53 MP: 14/14
  9020 | D:8      | Found a glowing golden altar of the Shining One.
  9129 | D:8      | Found a staircase to the Lair.
  9402 | D:8      | Reached skill level 10 in Stealth
  9477 | D:8      | Noticed a death yak
  9738 | D:8      | Killed a death yak
  9738 | D:8      | Reached skill level 10 in Dodging
  9787 | D:8      | Found a snail-covered altar of Cheibriados.
  9936 | D:8      | Found an iron altar of Okawaru.
  9937 | D:8      | Found a glowing golden altar of the Shining One.
 10021 | Lair:1   | Entered Level 1 of the Lair of Beasts
 10848 | Lair:1   | Reached XP level 11. HP: 53/58 MP: 15/15
 11467 | Lair:2   | Found a gate leading to a gauntlet.
 11478 | Gauntlet | Entered a Gauntlet
 11478 | Gauntlet | Found a transporter.
 11478 | Gauntlet | Found a transporter.
 11482 | Gauntlet | Found a transporter.
 11482 | Gauntlet | Found a transporter.
 11495 | Gauntlet | Found a transporter.
 11508 | Gauntlet | Found a transporter.
 11508 | Gauntlet | Noticed a death yak
 11509 | Gauntlet | Noticed a death yak
 11509 | Gauntlet | Noticed a death yak
 11512 | Gauntlet | Found a transporter.
 11512 | Gauntlet | Found a transporter.
 11512 | Gauntlet | Noticed a necromancer
 11512 | Gauntlet | Noticed an orange crystal statue
 11516 | Gauntlet | Found a transporter.
 11531 | Gauntlet | Found a transporter.
 11532 | Gauntlet | Noticed an oklob plant
 11538 | Gauntlet | Found a transporter.
 11556 | Gauntlet | Found a transporter.
 11601 | Gauntlet | Found a transporter.
 11617 | Gauntlet | Found a transporter.
 11719 | Gauntlet | Found a transporter.
 11731 | Gauntlet | Found a transporter.
 11930 | Gauntlet | Noticed a harpy
 11930 | Gauntlet | a yaktaur changed into a harpy
 11952 | Gauntlet | a harpy changed into a polar bear
 12325 | Gauntlet | Noticed a minotaur
 12363 | Gauntlet | Killed a minotaur
 12379 | Gauntlet | Identified the Guide on Shifting Orientation
 12409 | Lair:2   | Noticed an eight-headed hydra
 12448 | Lair:2   | Killed an eight-headed hydra
 12453 | Lair:2   | Noticed a six-headed hydra
 12461 | Lair:2   | Killed a six-headed hydra
 13065 | Lair:2   | Got an encrusted falchion
 13536 | Lair:3   | Found a hole to the Spider Nest.
 13602 | Lair:3   | Noticed a seven-headed hydra
 13608 | Lair:3   | Identified the +2 falchion "Fioday" {venom, rF+ rC+} (You
                  | found it on level 2 of the Lair of Beasts)
 13835 | Lair:2   | Reached ****** piety under Wu Jian
 13875 | Lair:2   | Learned a level 2 spell: Sticks to Snakes
 13979 | Lair:3   | Reached XP level 12. HP: 65/66 MP: 18/18
 13984 | Lair:3   | Reached skill level 1 in Transmutations
 14044 | Lair:3   | Noticed a seven-headed hydra
 14050 | Lair:3   | Killed a seven-headed hydra
 14324 | Lair:3   | Noticed a six-headed hydra
 14356 | Lair:3   | Killed a six-headed hydra
 14427 | Lair:3   | Killed a seven-headed hydra
 14742 | Lair:4   | Noticed a six-headed hydra
 14758 | Lair:4   | Reached skill level 5 in Spellcasting
 14758 | Lair:4   | Reached skill level 5 in Transmutations
 14776 | Lair:4   | Found a blossoming altar of Fedhas.
 14789 | Lair:4   | Found a staircase to the Shoals.
 15107 | Lair:4   | Killed a six-headed hydra
 15884 | Lair:4   | Noticed a seven-headed hydra
 15948 | Lair:4   | Killed a seven-headed hydra
 16582 | Lair:5   | Found a staircase to the Slime Pits.
 16582 | Lair:5   | Found a viscous altar of Jiyva.
 16590 | Lair:5   | Reached XP level 13. HP: 60/70 MP: 25/25
 17301 | Lair:5   | Reached skill level 10 in Evocations
 17911 | D:9      | Found a staircase to the Orcish Mines.
 18934 | D:10     | Entered Level 10 of the Dungeon
 19313 | D:10     | Reached skill level 10 in Fighting
 19894 | D:10     | Reached skill level 1 in Shields
 20051 | D:10     | Reached skill level 10 in Spellcasting
 20607 | D:11     | Found a blossoming altar of Fedhas.
 22167 | D:12     | Entered Level 12 of the Dungeon
 22376 | D:12     | Found a gate to the Vaults.
 22511 | D:12     | Reached XP level 14. HP: 39/77 MP: 29/29
 24274 | D:12     | Found Opion's Antique Weapon Emporium.
 24719 | D:12     | Found a staircase to the Depths.
 24991 | Orc      | Entered the Orcish Mines
 25875 | Orc      | Found Esaer's Assorted Antiques.
 25879 | Orc      | Bought a black potion for 33 gold pieces
 25879 | Orc      | Bought a scroll labeled FEUXTU ODEMU for 37 gold pieces
 25879 | Orc      | Bought a ruby potion for 33 gold pieces
 25887 | Orc      | Found Xeimen's Weapon Emporium.
 25892 | Orc      | Bought a +1 rapier of draining for 227 gold pieces
 25903 | Orc      | Found a roughly hewn altar of Beogh.
 26251 | Orc      | Noticed an orc warlord
 26253 | Orc      | Killed an orc warlord
 26253 | Orc      | Reached skill level 5 in Shields
 26314 | Orc      | Found a staircase to the Elven Halls.
 26750 | Orc      | Found Maycieso's Food Shop.
 27345 | Orc      | Noticed an orc warlord
 27373 | Orc      | Killed an orc warlord
 27384 | Orc      | Found a roughly hewn altar of Beogh.
 27450 | Orc      | Found Zuos's Food Boutique.
 27528 | Orc      | Reached XP level 15. HP: 71/81 MP: 30/30
 27769 | Orc      | Bought a potion of curing for 111 gold pieces
 27769 | Orc      | Bought a notched copper ring for 185 gold pieces
 28248 | Spider:1 | Entered Level 1 of the Spider Nest
 28764 | Shoals:1 | Entered Level 1 of the Shoals
 29327 | Shoals:1 | Found Rufuth's Assorted Antiques.
 29601 | Shoals:1 | Bought a scroll of identify for 36 gold pieces
 29601 | Shoals:1 | Bought a potion of might for 72 gold pieces
 29601 | Shoals:1 | Bought a potion of curing for 54 gold pieces
 29601 | Shoals:1 | Bought a wand of disintegration (6) for 72 gold pieces
 29601 | Shoals:1 | Bought a red potion for 16 gold pieces
 29994 | Shoals:1 | Reached skill level 15 in Short Blades
 30514 | Shoals:2 | Found Gironeh's Food Boutique.
 31277 | Shoals:3 | Entered Level 3 of the Shoals
 32260 | Shoals:3 | Learned a level 2 spell: Ensorcelled Hibernation
 32264 | Shoals:3 | Learned a level 3 spell: Confuse
 32268 | Shoals:3 | Learned a level 3 spell: Tukima's Dance
 32503 | Shoals:3 | Reached skill level 15 in Stealth
 33154 | Shoals:3 | Reached skill level 5 in Hexes
 33344 | Shoals:3 | Noticed a frost giant
 33352 | Shoals:3 | Killed a frost giant
 33352 | Shoals:3 | Reached skill level 1 in Ice Magic
 33352 | Shoals:3 | Reached XP level 16. HP: 87/87 MP: 29/31
 33369 | Shoals:3 | Got a barnacled rune of Zot
 34027 | Vaults:1 | Entered Level 1 of the Vaults
 34379 | Vaults:1 | Noticed Bai Suzhen
 34441 | Vaults:1 | Killed Bai Suzhen
 34708 | Vaults:1 | Found a glowing golden altar of the Shining One.
 34743 | Vaults:1 | Reached skill level 5 in Ice Magic
 35178 | Vaults:1 | Reached skill level 10 in Hexes
 35987 | Vaults:2 | Found Ziuhak Omuff's Magic Scroll Shop.
 35991 | Vaults:2 | Bought a scroll of enchant weapon for 135 gold pieces
 35991 | Vaults:2 | Bought a scroll of teleportation for 54 gold pieces
 35991 | Vaults:2 | Bought a scroll of teleportation for 54 gold pieces
 35991 | Vaults:2 | Bought a scroll of blinking for 135 gold pieces
 36255 | Vaults:2 | Found a staircase to the Crypt.
 36318 | Vaults:2 | Reached XP level 17. HP: 73/91 MP: 7/34
 36489 | Vaults:2 | Reached skill level 15 in Dodging
 38284 | Vaults:2 | Identified the +9 war axe "Zaissez" {chop, +Inv rPois SInv}
 38293 | Vaults:2 | HP: 4/91 [centaur warrior/the +9 war axe "Zaissez" {chop,
                  | +Inv rPois SInv} (14)]
 38293 | Vaults:2 | HP: 1/91 [centaur warrior/the +9 war axe "Zaissez" {chop,
                  | +Inv rPois SInv} (3)]
 38299 | Vaults:2 | HP: 3/91 [centaur warrior/the +9 war axe "Zaissez" {chop,
                  | +Inv rPois SInv} (7)]
 38299 | Vaults:2 | Slain by a centaur warrior

Skill      XL: |  1  2  3  4  5  6  7  8  9 10 11 12 13 14 15 16 17 |
---------------+----------------------------------------------------+-----
Stealth        | 2 3 4 5 7 9 10 12 14 15 | 15.5
Short Blades   | 1 2 3 4 5 7 10 12 13 14 15 | 15.7
Fighting       | 3 4 5 6 7 9 10 11 | 11.2
Dodging        | 5 6 7 9 10 12 13 14 15 | 15.5
Evocations     | 1 2 3 5 7 9 11 12 13 | 13.8
Spellcasting   | 2 7 10 12 | 12.8
Transmutations | 7 8 |  8.0
Shields        | 3 5 7 |  7.2
Hexes          | 6 11 12 | 12.1
Ice Magic      | 1 5 |  5.1
Crossbows      | |  0.1
Unarmed Combat | |  3.2

Action                   |  1- 3 |  4- 6 |  7- 9 | 10-12 | 13-15 | 16-18 || total
-------------------------+-------+-------+-------+-------+-------+-------++-------
Melee: Unarmed           |    58 |       |       |       |       |       ||    58
       Punch             |     1 |     1 |     6 |    13 |     5 |       ||    26
       Short sword       |    82 |   180 |   329 |   640 |  1311 |       ||  2542
       Dagger            |       |       |     9 |     1 |    66 |   156 ||   232
       Arbalest          |       |       |       |     4 |       |       ||     4
       Rapier            |       |       |       |       |  1012 |   718 ||  1730
 Fire: Arbalest          |       |       |    18 |   147 |       |       ||   165
       Blowgun           |       |       |    12 |    11 |       |       ||    23
Throw: Stone             |       |     6 |    22 |     2 |    32 |     2 ||    64
       Tomahawk          |       |       |       |     6 |     1 |       ||     7
 Cast: Confusing Touch   |     7 |       |       |       |       |       ||     7
       Sticks to Snakes  |       |       |       |     7 |    36 |    12 ||    55
       Confuse           |       |       |       |       |     9 |    19 ||    28
       Tukima's Dance    |       |       |       |       |     5 |    10 ||    15
       Ensorcelled Hiber |       |       |       |       |     1 |    17 ||    18
Invok: Lunge             |    23 |    20 |    75 |    75 |   208 |    75 ||   476
       Whirlwind         |     6 |    25 |    82 |   107 |   731 |   371 ||  1322
       Heavenly Storm    |       |       |       |       |     9 |     6 ||    15
 Abil: Serpent's Lash    |       |     3 |     5 |     5 |    27 |    13 ||    53
       Wall Jump         |       |     2 |       |     8 |     7 |     3 ||    20
       Evoke Flight      |       |       |       |       |     5 |     1 ||     6
       Stop Flying       |       |       |       |       |     1 |       ||     1
Evoke: Wand              |       |       |     1 |     1 |    81 |     5 ||    88
       Box of beasts     |       |       |       |       |     1 |       ||     1
  Use: Scroll            |       |       |       |    11 |    20 |     3 ||    34
       Potion            |       |       |       |       |     2 |     4 ||     6
 Stab: Confused          |     3 |       |       |       |     4 |    12 ||    19
       Sleeping          |     5 |     4 |    17 |    25 |    82 |    29 ||   162
       Distracted        |       |     1 |     1 |     5 |    18 |     9 ||    34
  Eat: Ration            |       |       |     3 |     1 |     9 |     3 ||    16
Armor: Robe              |     4 |     7 |    14 |    19 |    57 |    14 ||   115
Dodge: Dodged            |    89 |    97 |   161 |   366 |   941 |   296 ||  1950
Block: Other             |       |       |       |    37 |    21 |       ||    58
       Buckler           |       |       |       |       |   432 |   210 ||   642
       Reflection        |       |       |       |       |     8 |       ||     8
